 Dungeon Crawl Stone Soup version 0.28-a0-1616-g050a50673c (webtiles) character file.

Game seed: 419381731717304087

34 lessens the Charlatan (level 3, 0/27 HPs)
             Began as a Demigod Artificer on Jan 23, 2022.
             Succumbed to an adder's poison
             ... on level 2 of the Dungeon.
             The game lasted 00:01:55 (1875 turns).

lessens the Charlatan (Demigod Artificer)           Turns: 1875, Time: 00:01:56

Health: 0/27       AC:  3    Str: 17    XL:     3   Next: 1%
Magic:  5/5        EV: 11    Int: 13    God:
Gold:   62         SH:  0    Dex: 14    Spells: 2/2 levels left

rFire   . . .      SeeInvis .   a - +0 club
rCold   . . .      Faith    .   (no shield)
rNeg    . . .      Spirit   .   b - +0 leather armour
rPois   .          Reflect  .   (no helmet)
rElec   .          Harm     .   (no cloak)
rCorr   .          Rampage  .   (no gloves)
Will    .....                   (no boots)
Stlth   +.........              (no amulet)
HPRegen 0.09/turn               (no ring)
MPRegen 0.09/turn               (no ring)

@: lethally poisoned (0 -> -2)
A: high mp 1, forlorn, divine attributes, screaming 1
a: no special abilities


You were on level 2 of the Dungeon.
You visited 1 branch of the dungeon, and saw 2 of its levels.

You collected 62 gold pieces.

Inventory:

Hand Weapons
 a - a +0 club (weapon)
Missiles
 g - 58 stones
Armour
 b - a +0 leather armour (worn)
 k - a +0 pair of gloves
Wands
 c - a wand of flame (12) (quivered)
 d - a wand of charming (13)
Scrolls
 f - a scroll of teleportation {unknown}
 h - a scroll of summoning {unknown}
 i - a scroll of enchant weapon {unknown}
 j - 2 scrolls of identify {unknown}
Miscellaneous
 e - a piece from Xom's chessboard (14/15)


   Skills:
 - Level 0.8 Fighting
 + Level 2.5 Maces & Flails
 - Level 1.7 Armour
 - Level 0.8 Dodging
 - Level 0.8 Stealth
 - Level 2.6 Evocations


You had 2 spell levels left.
You didn't know any spells.
Your spell library was empty.

Dungeon Overview and Level Annotations

Branches:
Dungeon (2/15)


Innate Abilities, Weirdness & Mutations

You have an increased reservoir of magic. (+10% MP)
You shall have no god before yourself.
Your divine heritage dramatically boosts your attributes as you level up.
You occasionally shout uncontrollably at your foes.


Message History

Things that are here:
a +0 short sword; a kobold corpse An adder comes into view.
An adder is nearby!
An adder is nearby!
Found 14 stones.
The adder hisses angrily.
The adder bites you.
You are poisoned.
The adder poisons you!
You miss the adder.
You feel sick. The adder bites you.
You are more poisoned.
The adder poisons you!
You closely miss the adder.
You feel very sick. The adder closely misses you.
You hit the adder.
The adder is lightly wounded.
You feel sick. The adder bites you.
You are more poisoned.
The adder poisons you! The adder bites you.
You are too injured to fight recklessly!
It was a potion of mutation.
You feel extremely strange.
You feel the urge to shout.
* * * LOW HITPOINT WARNING * * *
You feel sick. The adder closely misses you.
You are too injured to fight recklessly!
You are too injured to fight recklessly!
You make a move on Xom's chessboard...
The adder appears confused.
* * * LOW HITPOINT WARNING * * *
You feel sick.
* * * LOW HITPOINT WARNING * * *
You feel sick.
* * * LOW HITPOINT WARNING * * *
You feel sick.
* * * LOW HITPOINT WARNING * * *
You feel sick.
* * * LOW HITPOINT WARNING * * *
You feel sick.
You die...

##..............
...............# #
##.............# #.
###........#S.#
#.######.$S..###..#
#..................
#..........#######
+............(...+
#..........#@..###
#.....######...#
+...### ..........
#...###....########
##+#........
#....#.....
#####....#....$
#<.).....#.. .
####)........


You could see an adder (confused).

Vanquished Creatures
  An adder (D:2)
  A dart slug (D:1)
  5 bats (D:1)
  A giant cockroach (D:1)
  4 goblins
  2 hobgoblins (D:1)
  2 kobolds
  2 frilled lizards (D:1)
  A rat (D:1)
19 creatures vanquished.

Vanquished Creatures (collateral kills)
  A rat (D:1)
1 creature vanquished.

Grand Total: 20 creatures vanquished

Notes
Turn   | Place    | Note
-------+----------+-------------------------------------------
     0 | D:1      | lessens the Demigod Artificer began the quest for the Orb.
     0 | D:1      | Reached XP level 1. HP: 15/15 MP: 3/3
   269 | D:1      | Reached skill level 1 in Maces & Flails
   733 | D:1      | Reached XP level 2. HP: 16/22 MP: 4/4
  1841 | D:2      | Reached XP level 3. HP: 26/27 MP: 5/5
  1869 | D:2      | Gained mutation: You occasionally shout uncontrollably at
                  | your foes. [potion of mutation]
  1874 | D:2      | HP: 1/27 [poisoned by an adder]
  1875 | D:2      | Succumbed to an adder's poison

Illustrated notes

Levels and vault maps discovered:
D:1:      amcnicky_arrival_wind_blow, layout_loops_corners,
          shapermc_ecumenical_altar_totnotflames, minmay_tetromino_t4
D:2:      layout_basic

Skill      XL: |  1  2 |
---------------+-------+-----
Maces & Flails | 1 2 |  2.5
Fighting       | |  0.8
Armour         | |  1.7
Dodging        | |  0.8
Stealth        | |  0.8
Evocations     | |  2.6

Action                   || total
-------------------------++-------
Melee: Club              ||    72
Evoke: Wand              ||     5
       Piece from Xom's  ||     1
  Use: Potion            ||     1
 Stab: Sleeping          ||     2
Armor: Leather armour    ||    29
Dodge: Dodged            ||    67

Table legend: (Time is in decaauts)
 A = Elapsed time spent in this place.
 B = Non-inter-level travel time spent in this place.
 C = Inter-level travel time spent in this place.
 D = Time resting spent in this place.
 E = Time spent auto-exploring this place.
 F = Levels seen in this place.
 G = Mean time per level.
                   A        B        C        D        E       F      G
               +--------+--------+--------+--------+--------+-----+--------+
         Total |   1891 |   1849 |     42 |    127 |   1442 |   2 |  945.5 |
       Dungeon |   1891 |   1849 |     42 |    127 |   1442 |   2 |  945.5 |
               +--------+--------+--------+--------+--------+-----+--------+

Top non-repeatable levels by time:
     D:1: 1688 daAuts
     D:2: 203 daAuts
